[ AOE2 MATCH · #509264939 ]
UnrankedJurchens vs Civ #61
[ REPLAY ANALYSIS · EXTRACTED FROM THE RECORDED GAME ]
Feudal
11:00
Castle
16:10
Imperial
31:56
| APM avg | 40.8 |
| APM peak | 81 |
| eAPM avg | 16.6 |
| Villagers / military | 98 / 3 |
Focus
⚔️ 13.9% · 🌾 86.1%
Unknown (1911) ×31 · Iron Pagoda ×2 · Monk ×1
Feudal
11:26
Castle
15:17
Imperial
27:21
| APM avg | 47.8 |
| APM peak | 73 |
| eAPM avg | 30.4 |
| Villagers / military | 144 / 143 |
Focus
⚔️ 25.7% · 🌾 74.3%
Knight ×123 · Obuch ×13 · Trebuchet (Packed) ×5 · Petard ×2
Feudal
12:24
Castle
19:03
Imperial
31:52
| APM avg | 25.7 |
| APM peak | 71 |
| eAPM avg | 14.0 |
| Villagers / military | 80 / 8 |
Focus
⚔️ 19.3% · 🌾 80.7%
Unknown (2708) ×25 · Monk ×4 · Petard ×2 · Trebuchet (Packed) ×2
Feudal
11:25
Castle
23:42
Imperial
—
| APM avg | 23.6 |
| APM peak | 52 |
| eAPM avg | 12.6 |
| Villagers / military | 89 / 55 |
Focus
⚔️ 25.4% · 🌾 74.6%
Scout Cavalry ×44 · Camel Scout ×10 · Monk ×1
Feudal
11:40
Castle
15:13
Imperial
—
| APM avg | 16.9 |
| APM peak | 44 |
| eAPM avg | 12.0 |
| Villagers / military | 66 / 91 |
Focus
⚔️ 34.1% · 🌾 65.9%
Fire Lancer ×77 · Iron Pagoda ×9 · Battering Ram ×5
Feudal
10:55
Castle
15:12
Imperial
28:54
| APM avg | 28.9 |
| APM peak | 71 |
| eAPM avg | 21.2 |
| Villagers / military | 159 / 58 |
Focus
⚔️ 25.2% · 🌾 74.8%
Spearman ×33 · Scorpion ×21 · Trebuchet (Packed) ×4
Feudal
10:32
Castle
24:55
Imperial
—
| APM avg | 32.5 |
| APM peak | 76 |
| eAPM avg | 15.2 |
| Villagers / military | 95 / 40 |
Focus
⚔️ 22.7% · 🌾 77.3%
Militia ×17 · Scout Cavalry ×10 · Mangudai ×6 · Spearman ×6 · Battering Ram ×1
Feudal
8:34
Castle
27:10
Imperial
35:32
| APM avg | 37.2 |
| APM peak | 112 |
| eAPM avg | 19.3 |
| Villagers / military | 88 / 11 |
Focus
⚔️ 22.1% · 🌾 77.9%
Scout Cavalry ×5 · Knight ×4 · Petard ×2
Match map
Initial resources + every placement click. Lines = walls · curves = elevation contours. ◆ gold · ⬟ stone · ● berries · ✦ relic · ◌ wall gap
Your base· ✓ Closed at 16:10 · 0t walls · 3 gate(s)
Maximus1743's base· ✓ Closed at 15:18 · 0t walls · 2 gate(s)
LavarBall's base· ✓ Closed at 19:03 · 0t walls · 2 gate(s)
hurlmore's base· ✓ Closed at 23:42 · 0t walls · 2 gate(s)
TheRazorsEdge's base· ✓ Closed at 15:13 · 0t walls · 3 gate(s)
XY's base· ✓ Closed at 15:12 · 0t walls · 2 gate(s)
HellSong's base· ✓ Closed at 24:55 · 1t walls · 2 gate(s)
哈偶纳尼's base· ✓ Closed at 27:10 · 0t walls · 3 gate(s)
Smoothed initial terrain · ◌ = detected wall gap · hover for details
Inputs per minute
— RMXs | Arobledoz - - Maximus1743
Build order — RMXs | Arobledoz
First 150 of 228 actions detected
| 0:02 | Build | House |
| 0:04 | Build | House |
| 0:05 | Queue | Villager (Male) |
| 0:05 | Queue | Villager (Male) |
| 0:23 | Queue | Villager (Male) |
| 0:23 | Queue | Villager (Male) |
| 0:23 | Queue | Villager (Male) |
| 1:44 | Queue | Villager (Male) |
| 1:44 | Queue | Villager (Male) |
| 1:52 | Build | Lumber Camp |
| 2:21 | Queue | Villager (Male) |
| 2:21 | Queue | Villager (Male) |
| 2:35 | Queue | Villager (Male) |
| 3:01 | Queue | Villager (Male) |
| 3:01 | Queue | Villager (Male) |
| 3:05 | Build | House |
| 3:07 | Build | House |
| 3:34 | Queue | Villager (Male) |
| 3:56 | Queue | Villager (Male) |
| 3:57 | Queue | Villager (Male) |
| 4:30 | Queue | Villager (Male) |
| 4:30 | Queue | Villager (Male) |
| 4:51 | Build | Mill |
| 4:59 | Queue | Villager (Male) |
| 4:59 | Queue | Villager (Male) |
| 5:33 | Queue | Villager (Male) |
| 5:34 | Queue | Villager (Male) |
| 5:41 | Queue | Villager (Male) |
| 6:28 | Queue | Villager (Male) |
| 6:28 | Queue | Villager (Male) |
| 7:09 | Queue | Villager (Male) |
| 7:20 | Build | Mining Camp |
| 7:37 | Queue | Villager (Male) |
| 7:37 | Queue | Villager (Male) |
| 7:37 | Queue | Villager (Male) |
| 8:31 | Build | Mining Camp |
| 8:36 | Research | Feudal Age |
| 9:31 | Build | House |
| 9:34 | Build | Mill |
| 9:45 | Build | House |
| 10:39 | Build | Lumber Camp |
| 11:00 | Age | Feudal Age |
| 11:06 | Build | Market |
| 11:11 | Queue | Villager (Male) |
| 11:11 | Queue | Villager (Male) |
| 11:11 | Queue | Villager (Male) |
| 11:40 | Queue | Villager (Male) |
| 11:51 | Build | Blacksmith |
| 12:28 | Build | House |
| 12:53 | Build | Farm |
| 12:55 | Queue | Villager (Male) |
| 13:24 | Build | Farm |
| 13:26 | Build | Farm |
| 13:26 | Build | Farm |
| 13:30 | Research | Castle Age |
| 13:59 | Build | Barracks |
| 14:34 | Research | Gold Mining |
| 14:41 | Research | Double-Bit Axe |
| 14:45 | Research | Gold Mining |
| 15:10 | Research | Stone Mining |
| 15:46 | Build | Archery Range |
| 16:10 | Age | Castle Age |
| 16:28 | Queue | Villager (Male) |
| 16:28 | Queue | Villager (Male) |
| 16:29 | Queue | Villager (Male) |
| 16:39 | Build | Town Center |
| 16:41 | Queue | Villager (Male) |
| 16:54 | Queue | Unit 1911 |
| 16:54 | Queue | Unit 1911 |
| 16:55 | Queue | Unit 1911 |
| 17:08 | Build | Monastery |
| 17:13 | Queue | Villager (Male) |
| 17:14 | Queue | Villager (Male) |
| 17:24 | Build | House |
| 17:25 | Build | House |
| 17:26 | Build | House |
| 17:40 | Build | Farm |
| 17:46 | Build | Farm |
| 18:00 | Queue | Villager (Male) |
| 18:01 | Queue | Villager (Male) |
| 18:06 | Build | Farm |
| 18:19 | Queue | Villager (Male) |
| 18:21 | Queue | Villager (Male) |
| 18:22 | Queue | Villager (Male) |
| 18:22 | Queue | Villager (Male) |
| 18:34 | Queue | Monk |
| 18:45 | Queue | Villager (Male) |
| 18:51 | Build | Farm |
| 18:54 | Build | House |
| 18:55 | Build | House |
| 19:00 | Build | Farm |
| 19:03 | Queue | Villager (Male) |
| 19:03 | Queue | Villager (Male) |
| 19:23 | Build | Siege Workshop |
| 19:28 | Build | Farm |
| 19:30 | Queue | Villager (Male) |
| 19:45 | Build | Farm |
| 19:51 | Build | Farm |
| 19:57 | Build | Mining Camp |
| 20:44 | Queue | Villager (Male) |
| 20:44 | Queue | Villager (Male) |
| 20:45 | Queue | Villager (Male) |
| 20:46 | Build | Farm |
| 20:49 | Queue | Unit 1911 |
| 20:49 | Queue | Unit 1911 |
| 20:49 | Queue | Unit 1911 |
| 20:58 | Build | House |
| 21:09 | Build | Town Center |
| 21:11 | Queue | Villager (Male) |
| 21:11 | Queue | Villager (Male) |
| 21:58 | Queue | Villager (Male) |
| 21:58 | Queue | Villager (Male) |
| 22:03 | Build | Farm |
| 22:21 | Queue | Iron Pagoda |
| 22:21 | Queue | Iron Pagoda |
| 22:25 | Build | Farm |
| 22:27 | Queue | Villager (Male) |
| 22:27 | Queue | Villager (Male) |
| 22:32 | Queue | Unit 1911 |
| 22:32 | Queue | Unit 1911 |
| 22:42 | Build | Gate |
| 22:51 | Build | Gate |
| 22:58 | Queue | Villager (Male) |
| 22:58 | Queue | Villager (Male) |
| 22:58 | Queue | Villager (Male) |
| 23:07 | Queue | Villager (Male) |
| 23:07 | Queue | Villager (Male) |
| 23:12 | Build | Farm |
| 23:13 | Build | Farm |
| 23:17 | Build | Farm |
| 23:19 | Build | Farm |
| 23:22 | Queue | Villager (Male) |
| 23:29 | Research | Wheelbarrow |
| 24:28 | Build | Farm |
| 24:30 | Build | Farm |
| 25:03 | Build | House |
| 25:23 | Build | House |
| 25:35 | Build | Palisade Wall |
| 25:54 | Queue | Unit 1911 |
| 25:54 | Queue | Unit 1911 |
| 25:55 | Queue | Unit 1911 |
| 26:14 | Queue | Unit 1911 |
| 26:20 | Build | House |
| 26:21 | Build | House |
| 26:52 | Queue | Villager (Male) |
| 26:52 | Queue | Villager (Male) |
| 26:53 | Queue | Villager (Male) |
| 26:53 | Queue | Villager (Male) |
| 27:10 | Queue | Unit 1911 |
| 27:10 | Queue | Unit 1911 |
Build order — Maximus1743
First 150 of 334 actions detected
| 0:02 | Queue | Villager (Male) |
| 0:02 | Queue | Villager (Male) |
| 0:03 | Queue | Villager (Male) |
| 0:03 | Queue | Villager (Male) |
| 0:04 | Build | House |
| 0:06 | Build | House |
| 1:27 | Queue | Villager (Male) |
| 1:27 | Queue | Villager (Male) |
| 1:48 | Build | Lumber Camp |
| 2:01 | Queue | Villager (Male) |
| 2:13 | Queue | Villager (Male) |
| 2:13 | Queue | Villager (Male) |
| 3:00 | Queue | Villager (Male) |
| 3:09 | Queue | Villager (Male) |
| 3:28 | Build | House |
| 3:48 | Queue | Villager (Male) |
| 3:48 | Queue | Villager (Male) |
| 4:05 | Queue | Villager (Male) |
| 4:05 | Queue | Villager (Male) |
| 4:05 | Queue | Villager (Male) |
| 4:13 | Build | House |
| 4:15 | Build | House |
| 4:41 | Queue | Villager (Male) |
| 4:41 | Queue | Villager (Male) |
| 5:22 | Build | Mill |
| 5:31 | Queue | Villager (Male) |
| 5:31 | Queue | Villager (Male) |
| 5:31 | Queue | Villager (Male) |
| 5:32 | Queue | Villager (Male) |
| 5:41 | Queue | Villager (Male) |
| 6:09 | Build | Lumber Camp |
| 6:11 | Queue | Villager (Male) |
| 6:12 | Queue | Villager (Male) |
| 6:12 | Queue | Villager (Male) |
| 6:33 | Build | Farm |
| 6:49 | Queue | Villager (Male) |
| 6:49 | Queue | Villager (Male) |
| 7:18 | Queue | Villager (Male) |
| 7:19 | Queue | Villager (Male) |
| 7:20 | Queue | Villager (Male) |
| 7:21 | Queue | Villager (Male) |
| 7:23 | Queue | Villager (Male) |
| 7:45 | Build | Mining Camp |
| 7:56 | Build | Farm |
| 8:23 | Build | Farm |
| 8:51 | Build | Farm |
| 8:59 | Build | Farm |
| 9:10 | Research | Feudal Age |
| 11:26 | Age | Feudal Age |
| 11:28 | Build | Market |
| 11:38 | Build | Blacksmith |
| 11:42 | Queue | Villager (Male) |
| 11:43 | Queue | Villager (Male) |
| 12:38 | Research | Castle Age |
| 12:55 | Research | Double-Bit Axe |
| 12:58 | Research | Horse Collar |
| 15:17 | Age | Castle Age |
| 15:23 | Build | Town Center |
| 15:27 | Research | Bow Saw |
| 15:32 | Build | Town Center |
| 15:36 | Build | Town Center |
| 15:37 | Queue | Villager (Male) |
| 15:37 | Queue | Villager (Male) |
| 15:49 | Build | Farm |
| 15:54 | Build | Farm |
| 16:21 | Queue | Villager (Male) |
| 16:32 | Build | Farm |
| 16:44 | Queue | Villager (Male) |
| 16:47 | Queue | Villager (Male) |
| 16:53 | Queue | Villager (Male) |
| 16:54 | Queue | Villager (Male) |
| 16:55 | Queue | Villager (Male) |
| 16:56 | Queue | Villager (Male) |
| 16:56 | Queue | Villager (Male) |
| 17:04 | Build | Farm |
| 17:05 | Queue | Villager (Male) |
| 17:08 | Queue | Villager (Male) |
| 17:09 | Queue | Villager (Male) |
| 17:26 | Build | Mill |
| 17:29 | Queue | Villager (Male) |
| 17:35 | Build | Farm |
| 17:43 | Queue | Villager (Male) |
| 17:46 | Queue | Villager (Male) |
| 18:01 | Build | Mill |
| 18:04 | Build | Farm |
| 18:05 | Build | Farm |
| 18:11 | Build | Farm |
| 18:12 | Build | Farm |
| 18:13 | Research | Heavy Plow |
| 18:20 | Queue | Villager (Male) |
| 18:31 | Build | Farm |
| 18:32 | Queue | Villager (Male) |
| 18:35 | Queue | Villager (Male) |
| 18:41 | Build | Farm |
| 18:45 | Build | Farm |
| 18:45 | Queue | Villager (Male) |
| 18:49 | Build | Farm |
| 18:54 | Queue | Villager (Male) |
| 18:54 | Queue | Villager (Male) |
| 18:54 | Queue | Villager (Male) |
| 18:55 | Queue | Villager (Male) |
| 18:55 | Queue | Villager (Male) |
| 18:58 | Build | Farm |
| 18:58 | Queue | Villager (Male) |
| 18:59 | Queue | Villager (Male) |
| 19:05 | Queue | Villager (Male) |
| 19:05 | Queue | Villager (Male) |
| 19:13 | Queue | Villager (Male) |
| 19:13 | Queue | Villager (Male) |
| 19:26 | Build | Farm |
| 19:33 | Build | Mill |
| 19:34 | Build | Farm |
| 19:34 | Build | Farm |
| 19:35 | Build | Farm |
| 19:35 | Build | Farm |
| 19:35 | Build | Farm |
| 19:36 | Queue | Villager (Male) |
| 19:36 | Queue | Villager (Male) |
| 19:36 | Queue | Villager (Male) |
| 19:37 | Queue | Villager (Male) |
| 19:48 | Build | Mill |
| 19:50 | Build | Farm |
| 19:50 | Build | Farm |
| 19:50 | Build | Farm |
| 19:53 | Queue | Villager (Male) |
| 19:53 | Queue | Villager (Male) |
| 19:54 | Queue | Villager (Male) |
| 19:57 | Build | Farm |
| 19:59 | Queue | Villager (Male) |
| 20:04 | Build | Farm |
| 20:06 | Queue | Villager (Male) |
| 20:11 | Build | House |
| 20:13 | Queue | Villager (Male) |
| 20:13 | Queue | Villager (Male) |
| 20:15 | Queue | Villager (Male) |
| 20:31 | Research | Wheelbarrow |
| 20:36 | Queue | Villager (Male) |
| 20:41 | Queue | Villager (Male) |
| 20:42 | Queue | Villager (Male) |
| 20:45 | Queue | Villager (Male) |
| 20:46 | Queue | Villager (Male) |
| 20:47 | Queue | Villager (Male) |
| 20:57 | Build | House |
| 20:58 | Build | House |
| 21:00 | Build | House |
| 21:02 | Queue | Villager (Male) |
| 21:15 | Queue | Villager (Male) |
| 21:18 | Build | Farm |
| 21:28 | Build | Farm |
| 21:30 | Queue | Villager (Male) |
Build order — LavarBall
First 150 of 202 actions detected
| 0:02 | Queue | Villager (Male) |
| 0:02 | Queue | Villager (Male) |
| 0:03 | Queue | Villager (Male) |
| 0:07 | Build | House |
| 0:09 | Build | House |
| 0:16 | Queue | Villager (Male) |
| 0:33 | Research | Loom |
| 0:33 | Queue | Villager (Male) |
| 0:33 | Queue | Villager (Male) |
| 0:34 | Queue | Villager (Male) |
| 0:34 | Queue | Villager (Male) |
| 0:37 | Build | House |
| 0:38 | Build | House |
| 1:29 | Queue | Villager (Male) |
| 1:29 | Queue | Villager (Male) |
| 1:54 | Build | Lumber Camp |
| 2:14 | Queue | Villager (Male) |
| 2:45 | Queue | Villager (Male) |
| 3:00 | Queue | Villager (Male) |
| 3:59 | Queue | Villager (Male) |
| 4:43 | Queue | Villager (Male) |
| 4:43 | Queue | Villager (Male) |
| 4:43 | Queue | Villager (Male) |
| 4:44 | Queue | Villager (Male) |
| 5:11 | Queue | Villager (Male) |
| 5:11 | Queue | Villager (Male) |
| 5:43 | Build | Mill |
| 6:14 | Queue | Villager (Male) |
| 6:14 | Queue | Villager (Male) |
| 6:14 | Queue | Villager (Male) |
| 6:15 | Queue | Villager (Male) |
| 6:15 | Queue | Villager (Male) |
| 6:54 | Build | Mining Camp |
| 7:06 | Build | Mining Camp |
| 7:52 | Queue | Villager (Male) |
| 7:52 | Queue | Villager (Male) |
| 8:11 | Queue | Villager (Male) |
| 8:17 | Build | House |
| 8:38 | Queue | Villager (Male) |
| 9:43 | Build | Mining Camp |
| 10:14 | Research | Feudal Age |
| 10:15 | Research | Feudal Age |
| 10:44 | Queue | Villager (Male) |
| 12:16 | Queue | Villager (Male) |
| 12:24 | Age | Feudal Age |
| 12:34 | Queue | Villager (Male) |
| 12:35 | Queue | Villager (Male) |
| 12:43 | Build | Market |
| 12:46 | Build | Blacksmith |
| 12:49 | Research | Horse Collar |
| 12:49 | Research | Horse Collar |
| 13:09 | Build | Farm |
| 13:12 | Build | Farm |
| 13:17 | Build | Farm |
| 13:22 | Build | Farm |
| 13:25 | Build | Farm |
| 13:31 | Build | Farm |
| 13:32 | Build | Farm |
| 13:48 | Build | Farm |
| 13:53 | Build | Farm |
| 14:14 | Build | Farm |
| 16:23 | Research | Castle Age |
| 16:24 | Research | Castle Age |
| 16:32 | Build | House |
| 16:36 | Build | Barracks |
| 18:32 | Research | Double-Bit Axe |
| 18:32 | Research | Double-Bit Axe |
| 18:35 | Research | Wheelbarrow |
| 18:35 | Research | Wheelbarrow |
| 19:03 | Age | Castle Age |
| 19:06 | Build | Town Center |
| 19:19 | Build | Town Center |
| 19:28 | Build | Monastery |
| 19:39 | Research | Heavy Plow |
| 19:40 | Research | Heavy Plow |
| 20:03 | Queue | Villager (Male) |
| 20:03 | Queue | Villager (Male) |
| 20:20 | Queue | Monk |
| 20:24 | Queue | Monk |
| 20:55 | Build | Castle |
| 21:06 | Queue | Villager (Male) |
| 21:07 | Queue | Villager (Male) |
| 21:07 | Queue | Villager (Male) |
| 21:09 | Queue | Villager (Male) |
| 21:09 | Queue | Villager (Male) |
| 21:10 | Queue | Villager (Male) |
| 21:11 | Queue | Villager (Male) |
| 21:11 | Queue | Villager (Male) |
| 21:31 | Queue | Monk |
| 21:57 | Queue | Villager (Male) |
| 21:58 | Queue | Villager (Male) |
| 21:58 | Queue | Villager (Male) |
| 21:58 | Queue | Villager (Male) |
| 22:26 | Queue | Villager (Male) |
| 22:26 | Queue | Villager (Male) |
| 22:26 | Queue | Villager (Male) |
| 22:32 | Build | Farm |
| 22:33 | Build | Farm |
| 22:34 | Build | Farm |
| 22:36 | Build | Farm |
| 22:37 | Build | Farm |
| 22:38 | Build | Farm |
| 22:40 | Build | Farm |
| 22:45 | Build | Farm |
| 22:46 | Build | Farm |
| 22:47 | Build | Farm |
| 22:48 | Build | Farm |
| 23:12 | Queue | Unit 2708 |
| 23:12 | Queue | Unit 2708 |
| 23:53 | Queue | Unit 2708 |
| 23:53 | Queue | Unit 2708 |
| 24:01 | Queue | Petard |
| 24:01 | Queue | Petard |
| 24:11 | Queue | Villager (Male) |
| 24:11 | Queue | Villager (Male) |
| 24:11 | Queue | Villager (Male) |
| 24:19 | Build | House |
| 24:20 | Build | House |
| 24:21 | Queue | Villager (Male) |
| 24:21 | Queue | Villager (Male) |
| 24:25 | Build | Farm |
| 24:26 | Build | Farm |
| 24:28 | Queue | Villager (Male) |
| 24:28 | Queue | Villager (Male) |
| 24:28 | Queue | Villager (Male) |
| 24:50 | Queue | Unit 2708 |
| 24:50 | Queue | Unit 2708 |
| 25:23 | Queue | Villager (Male) |
| 25:23 | Queue | Villager (Male) |
| 25:23 | Queue | Unit 2708 |
| 25:24 | Queue | Unit 2708 |
| 25:28 | Queue | Unit 2708 |
| 25:28 | Queue | Unit 2708 |
| 25:53 | Queue | Unit 2708 |
| 25:53 | Queue | Unit 2708 |
| 25:54 | Queue | Unit 2708 |
| 26:09 | Queue | Villager (Male) |
| 26:09 | Queue | Villager (Male) |
| 26:10 | Queue | Villager (Male) |
| 26:11 | Queue | Villager (Male) |
| 26:37 | Queue | Unit 2708 |
| 26:37 | Queue | Unit 2708 |
| 26:37 | Queue | Unit 2708 |
| 26:45 | Queue | Villager (Male) |
| 26:45 | Queue | Villager (Male) |
| 26:49 | Build | House |
| 26:49 | Build | House |
| 26:53 | Build | Farm |
| 26:54 | Build | Farm |
| 26:55 | Build | Farm |
Build order — hurlmore
First 150 of 247 actions detected
| 0:01 | Queue | Villager (Male) |
| 0:01 | Queue | Villager (Male) |
| 0:02 | Build | House |
| 0:04 | Build | House |
| 0:49 | Queue | Villager (Male) |
| 0:50 | Queue | Villager (Male) |
| 0:50 | Queue | Villager (Male) |
| 1:30 | Queue | Villager (Male) |
| 2:10 | Queue | Villager (Male) |
| 2:30 | Research | Loom |
| 2:40 | Build | Lumber Camp |
| 2:50 | Queue | Villager (Male) |
| 2:50 | Queue | Villager (Male) |
| 3:15 | Queue | Villager (Male) |
| 3:24 | Queue | Villager (Male) |
| 3:25 | Queue | Villager (Male) |
| 3:36 | Build | House |
| 3:42 | Build | House |
| 4:14 | Queue | Villager (Male) |
| 4:14 | Queue | Villager (Male) |
| 4:25 | Queue | Villager (Male) |
| 4:35 | Queue | Villager (Male) |
| 4:56 | Queue | Villager (Male) |
| 4:57 | Queue | Villager (Male) |
| 4:57 | Queue | Villager (Male) |
| 6:03 | Build | Mill |
| 6:15 | Queue | Villager (Male) |
| 6:16 | Queue | Villager (Male) |
| 6:17 | Queue | Villager (Male) |
| 7:40 | Research | Feudal Age |
| 8:30 | Build | Mining Camp |
| 9:27 | Build | House |
| 9:29 | Build | House |
| 9:31 | Build | House |
| 10:14 | Build | Barracks |
| 10:41 | Queue | Villager (Male) |
| 10:41 | Queue | Villager (Male) |
| 11:25 | Age | Feudal Age |
| 11:35 | Build | Stable |
| 11:38 | Build | Blacksmith |
| 12:01 | Queue | Villager (Male) |
| 12:01 | Queue | Villager (Male) |
| 12:05 | Build | Farm |
| 12:07 | Build | Farm |
| 12:17 | Research | Bloodlines |
| 12:26 | Build | Farm |
| 12:45 | Queue | Villager (Male) |
| 12:53 | Build | House |
| 12:54 | Build | House |
| 13:08 | Queue | Villager (Male) |
| 13:09 | Research | Forging |
| 13:10 | Research | Scale Barding Armor |
| 13:16 | Build | Farm |
| 13:18 | Build | Farm |
| 13:36 | Build | Farm |
| 13:41 | Queue | Scout Cavalry |
| 13:42 | Queue | Scout Cavalry |
| 13:42 | Queue | Scout Cavalry |
| 13:57 | Queue | Villager (Male) |
| 13:59 | Queue | Villager (Male) |
| 14:02 | Build | Farm |
| 14:07 | Build | Farm |
| 14:13 | Build | Farm |
| 14:17 | Queue | Villager (Male) |
| 14:20 | Build | Farm |
| 14:36 | Build | Farm |
| 14:48 | Queue | Villager (Male) |
| 14:51 | Queue | Villager (Male) |
| 14:54 | Build | Farm |
| 15:00 | Queue | Scout Cavalry |
| 15:05 | Build | Farm |
| 15:06 | Build | Farm |
| 15:14 | Build | Farm |
| 15:17 | Queue | Scout Cavalry |
| 15:21 | Queue | Villager (Male) |
| 15:29 | Build | House |
| 15:30 | Build | House |
| 15:31 | Build | House |
| 15:59 | Queue | Scout Cavalry |
| 15:59 | Queue | Scout Cavalry |
| 16:13 | Queue | Villager (Male) |
| 16:13 | Queue | Villager (Male) |
| 17:01 | Queue | Villager (Male) |
| 17:01 | Queue | Villager (Male) |
| 17:31 | Build | Mill |
| 17:32 | Build | Farm |
| 17:32 | Build | Farm |
| 17:33 | Build | Farm |
| 17:33 | Build | Farm |
| 17:33 | Build | Farm |
| 17:33 | Build | Farm |
| 17:50 | Queue | Villager (Male) |
| 17:50 | Queue | Villager (Male) |
| 18:44 | Queue | Scout Cavalry |
| 18:44 | Queue | Scout Cavalry |
| 18:45 | Queue | Villager (Male) |
| 18:45 | Queue | Villager (Male) |
| 19:16 | Queue | Scout Cavalry |
| 19:17 | Queue | Scout Cavalry |
| 19:33 | Queue | Villager (Male) |
| 19:33 | Queue | Villager (Male) |
| 19:36 | Build | Mill |
| 19:37 | Build | Farm |
| 19:37 | Build | Farm |
| 19:38 | Build | Farm |
| 19:38 | Build | Farm |
| 19:38 | Build | Farm |
| 19:38 | Build | Farm |
| 19:39 | Build | Farm |
| 19:58 | Research | Double-Bit Axe |
| 20:00 | Build | Farm |
| 20:20 | Queue | Villager (Male) |
| 20:20 | Queue | Villager (Male) |
| 20:47 | Research | Castle Age |
| 21:35 | Build | Market |
| 22:54 | Queue | Villager (Male) |
| 22:54 | Queue | Villager (Male) |
| 22:58 | Research | Horse Collar |
| 23:33 | Build | Stable |
| 23:42 | Age | Castle Age |
| 23:46 | Research | Husbandry |
| 23:51 | Research | Iron Casting |
| 23:51 | Research | Chain Barding Armor |
| 23:56 | Research | Bow Saw |
| 24:01 | Research | Heavy Plow |
| 24:27 | Queue | Villager (Male) |
| 24:27 | Queue | Villager (Male) |
| 24:50 | Build | Mining Camp |
| 25:09 | Queue | Villager (Male) |
| 25:09 | Queue | Villager (Male) |
| 25:21 | Research | Light Cavalry (upgrade) |
| 25:46 | Build | Town Center |
| 25:57 | Build | Town Center |
| 26:00 | Queue | Villager (Male) |
| 26:16 | Queue | Villager (Male) |
| 26:38 | Queue | Villager (Male) |
| 26:38 | Queue | Villager (Male) |
| 26:43 | Build | House |
| 26:48 | Build | House |
| 26:49 | Build | House |
| 26:49 | Build | House |
| 26:50 | Build | House |
| 26:57 | Research | Wheelbarrow |
| 27:10 | Queue | Villager (Male) |
| 27:46 | Queue | Villager (Male) |
| 27:46 | Queue | Villager (Male) |
| 27:47 | Queue | Villager (Male) |
| 28:16 | Queue | Camel Scout |
| 28:16 | Queue | Camel Scout |
| 28:17 | Queue | Camel Scout |
Build order — TheRazorsEdge
First 150 of 219 actions detected
| 0:01 | Queue | Villager (Male) |
| 0:01 | Queue | Villager (Male) |
| 0:02 | Queue | Villager (Male) |
| 0:02 | Queue | Villager (Male) |
| 0:04 | Build | House |
| 0:06 | Build | House |
| 1:22 | Queue | Villager (Male) |
| 1:48 | Build | Lumber Camp |
| 2:06 | Queue | Villager (Male) |
| 2:22 | Queue | Villager (Male) |
| 2:56 | Queue | Villager (Male) |
| 3:05 | Queue | Villager (Male) |
| 3:36 | Queue | Villager (Male) |
| 4:00 | Build | House |
| 4:09 | Queue | Villager (Male) |
| 4:24 | Build | House |
| 4:32 | Queue | Villager (Male) |
| 4:41 | Build | Mill |
| 4:53 | Queue | Villager (Male) |
| 5:04 | Build | House |
| 5:49 | Build | House |
| 5:53 | Queue | Villager (Male) |
| 5:54 | Queue | Villager (Male) |
| 5:57 | Queue | Villager (Male) |
| 6:05 | Queue | Villager (Male) |
| 6:59 | Queue | Villager (Male) |
| 7:24 | Queue | Villager (Male) |
| 7:37 | Queue | Villager (Male) |
| 8:45 | Queue | Villager (Male) |
| 8:56 | Build | Mining Camp |
| 9:30 | Research | Feudal Age |
| 10:27 | Build | Farm |
| 10:29 | Build | Farm |
| 10:31 | Build | Farm |
| 10:57 | Queue | Villager (Male) |
| 10:57 | Queue | Villager (Male) |
| 11:40 | Age | Feudal Age |
| 11:49 | Build | Market |
| 11:54 | Build | Blacksmith |
| 12:33 | Research | Castle Age |
| 12:39 | Build | Farm |
| 13:32 | Build | Barracks |
| 13:36 | Research | Double-Bit Axe |
| 13:42 | Build | Lumber Camp |
| 13:50 | Build | Farm |
| 14:11 | Research | Horse Collar |
| 14:24 | Build | House |
| 15:13 | Age | Castle Age |
| 15:14 | Build | House |
| 15:17 | Queue | Fire Lancer |
| 15:17 | Queue | Fire Lancer |
| 15:23 | Queue | Villager (Male) |
| 15:23 | Queue | Villager (Male) |
| 15:38 | Build | Farm |
| 15:49 | Build | Siege Workshop |
| 15:53 | Build | House |
| 15:56 | Build | House |
| 16:04 | Research | Scale Mail Armor |
| 16:07 | Research | Heavy Plow |
| 16:12 | Build | Farm |
| 16:25 | Build | Farm |
| 16:30 | Queue | Villager (Male) |
| 16:38 | Queue | Battering Ram |
| 16:43 | Queue | Fire Lancer |
| 17:06 | Build | Farm |
| 17:11 | Queue | Battering Ram |
| 17:14 | Queue | Fire Lancer |
| 17:15 | Queue | Fire Lancer |
| 17:26 | Queue | Villager (Male) |
| 17:28 | Queue | Villager (Male) |
| 17:37 | Build | Farm |
| 17:48 | Research | Gold Mining |
| 17:55 | Queue | Fire Lancer |
| 18:12 | Queue | Villager (Male) |
| 18:29 | Queue | Fire Lancer |
| 18:34 | Queue | Battering Ram |
| 18:41 | Queue | Villager (Male) |
| 18:47 | Queue | Villager (Male) |
| 19:28 | Build | House |
| 19:29 | Build | House |
| 19:36 | Research | Chain Mail Armor |
| 19:39 | Queue | Fire Lancer |
| 19:53 | Build | Barracks |
| 19:59 | Queue | Fire Lancer |
| 20:01 | Queue | Fire Lancer |
| 20:29 | Research | Forging |
| 20:33 | Build | Mining Camp |
| 20:34 | Queue | Villager (Male) |
| 20:34 | Queue | Villager (Male) |
| 20:39 | Queue | Villager (Male) |
| 21:27 | Build | House |
| 21:31 | Research | Squires |
| 21:32 | Queue | Fire Lancer |
| 21:32 | Queue | Fire Lancer |
| 21:32 | Queue | Fire Lancer |
| 21:32 | Queue | Fire Lancer |
| 21:33 | Queue | Fire Lancer |
| 22:21 | Queue | Villager (Male) |
| 22:21 | Queue | Villager (Male) |
| 22:24 | Queue | Fire Lancer |
| 22:24 | Queue | Fire Lancer |
| 22:24 | Queue | Fire Lancer |
| 22:25 | Queue | Fire Lancer |
| 22:25 | Queue | Fire Lancer |
| 22:40 | Queue | Villager (Male) |
| 22:40 | Queue | Villager (Male) |
| 22:44 | Build | Siege Workshop |
| 22:46 | Queue | Villager (Male) |
| 22:46 | Queue | Villager (Male) |
| 22:46 | Queue | Villager (Male) |
| 22:49 | Queue | Villager (Male) |
| 22:49 | Queue | Villager (Male) |
| 23:02 | Queue | Fire Lancer |
| 23:02 | Queue | Fire Lancer |
| 23:17 | Queue | Fire Lancer |
| 23:17 | Queue | Fire Lancer |
| 23:18 | Queue | Fire Lancer |
| 23:36 | Queue | Villager (Male) |
| 23:37 | Queue | Villager (Male) |
| 23:41 | Build | Farm |
| 23:53 | Build | Town Center |
| 23:57 | Queue | Villager (Male) |
| 23:57 | Queue | Villager (Male) |
| 24:34 | Queue | Fire Lancer |
| 24:34 | Queue | Fire Lancer |
| 24:34 | Queue | Fire Lancer |
| 24:35 | Queue | Fire Lancer |
| 24:35 | Queue | Fire Lancer |
| 24:35 | Queue | Fire Lancer |
| 24:36 | Queue | Fire Lancer |
| 24:47 | Build | Town Center |
| 24:48 | Queue | Villager (Male) |
| 24:48 | Queue | Villager (Male) |
| 25:11 | Queue | Fire Lancer |
| 25:11 | Queue | Fire Lancer |
| 25:11 | Queue | Fire Lancer |
| 25:11 | Queue | Fire Lancer |
| 25:13 | Queue | Fire Lancer |
| 25:39 | Queue | Battering Ram |
| 25:39 | Queue | Battering Ram |
| 25:53 | Build | Farm |
| 25:56 | Build | Farm |
| 25:57 | Build | Farm |
| 26:24 | Queue | Iron Pagoda |
| 26:24 | Queue | Iron Pagoda |
| 26:58 | Queue | Iron Pagoda |
| 26:58 | Queue | Iron Pagoda |
| 27:03 | Queue | Villager (Male) |
| 27:03 | Queue | Villager (Male) |
| 27:11 | Build | Farm |
Build order — XY
First 150 of 366 actions detected
| 0:00 | Queue | Villager (Male) |
| 0:01 | Queue | Villager (Male) |
| 0:01 | Queue | Villager (Male) |
| 0:02 | Build | House |
| 0:04 | Build | House |
| 0:17 | Queue | Villager (Male) |
| 0:17 | Queue | Villager (Male) |
| 1:21 | Queue | Villager (Male) |
| 1:49 | Queue | Villager (Male) |
| 1:50 | Queue | Villager (Male) |
| 2:10 | Build | Lumber Camp |
| 2:17 | Queue | Villager (Male) |
| 2:17 | Queue | Villager (Male) |
| 2:18 | Queue | Villager (Male) |
| 3:09 | Queue | Villager (Male) |
| 3:09 | Queue | Villager (Male) |
| 3:16 | Queue | Villager (Male) |
| 3:16 | Queue | Villager (Male) |
| 3:28 | Build | House |
| 3:29 | Build | House |
| 3:46 | Queue | Villager (Male) |
| 3:46 | Queue | Villager (Male) |
| 3:48 | Queue | Villager (Male) |
| 3:48 | Queue | Villager (Male) |
| 4:19 | Queue | Villager (Male) |
| 4:39 | Queue | Villager (Male) |
| 4:39 | Queue | Villager (Male) |
| 5:25 | Build | Mill |
| 5:28 | Queue | Villager (Male) |
| 5:28 | Queue | Villager (Male) |
| 5:52 | Queue | Villager (Male) |
| 5:52 | Queue | Villager (Male) |
| 6:19 | Build | Mining Camp |
| 7:15 | Queue | Villager (Male) |
| 7:19 | Build | Farm |
| 7:23 | Build | Farm |
| 7:48 | Queue | Villager (Male) |
| 7:58 | Build | Mining Camp |
| 8:03 | Build | Mining Camp |
| 8:35 | Research | Feudal Age |
| 8:40 | Build | House |
| 8:41 | Build | House |
| 8:57 | Queue | Villager (Male) |
| 8:58 | Queue | Villager (Male) |
| 9:56 | Build | Farm |
| 10:55 | Age | Feudal Age |
| 11:18 | Build | Market |
| 11:23 | Build | Blacksmith |
| 11:50 | Queue | Villager (Male) |
| 12:32 | Research | Castle Age |
| 12:43 | Build | Farm |
| 12:46 | Build | Farm |
| 13:14 | Research | Double-Bit Axe |
| 13:14 | Research | Double-Bit Axe |
| 13:24 | Build | House |
| 13:28 | Build | House |
| 13:36 | Build | House |
| 13:42 | Research | Horse Collar |
| 13:42 | Research | Horse Collar |
| 13:42 | Research | Horse Collar |
| 14:13 | Queue | Villager (Male) |
| 14:28 | Queue | Villager (Male) |
| 15:12 | Age | Castle Age |
| 15:15 | Build | Town Center |
| 15:31 | Build | Town Center |
| 15:41 | Research | Loom |
| 15:49 | Queue | Villager (Male) |
| 15:51 | Research | Wheelbarrow |
| 15:58 | Research | Loom |
| 15:59 | Queue | Villager (Male) |
| 16:37 | Build | Farm |
| 16:45 | Build | Farm |
| 16:47 | Queue | Villager (Male) |
| 16:48 | Queue | Villager (Male) |
| 17:12 | Queue | Villager (Male) |
| 17:25 | Research | Heavy Plow |
| 17:25 | Research | Heavy Plow |
| 17:26 | Research | Heavy Plow |
| 17:29 | Build | Farm |
| 17:37 | Build | Farm |
| 17:42 | Build | Farm |
| 17:49 | Build | House |
| 17:50 | Queue | Villager (Male) |
| 17:59 | Build | Farm |
| 18:09 | Queue | Villager (Male) |
| 18:09 | Queue | Villager (Male) |
| 18:14 | Build | Farm |
| 18:21 | Build | Farm |
| 18:22 | Queue | Villager (Male) |
| 18:29 | Build | Farm |
| 18:29 | Queue | Villager (Male) |
| 18:30 | Queue | Villager (Male) |
| 18:37 | Build | Farm |
| 18:41 | Queue | Villager (Male) |
| 18:48 | Build | House |
| 18:49 | Build | House |
| 18:52 | Queue | Villager (Male) |
| 18:52 | Queue | Villager (Male) |
| 18:56 | Build | Farm |
| 19:00 | Queue | Villager (Male) |
| 19:09 | Build | Farm |
| 19:09 | Queue | Villager (Male) |
| 19:31 | Build | Farm |
| 19:32 | Build | Farm |
| 19:33 | Queue | Villager (Male) |
| 19:33 | Queue | Villager (Male) |
| 19:37 | Queue | Villager (Male) |
| 19:38 | Queue | Villager (Male) |
| 19:47 | Queue | Villager (Male) |
| 19:47 | Queue | Villager (Male) |
| 19:53 | Build | Farm |
| 19:54 | Queue | Villager (Male) |
| 19:54 | Queue | Villager (Male) |
| 19:58 | Build | House |
| 20:02 | Queue | Villager (Male) |
| 20:02 | Queue | Villager (Male) |
| 20:16 | Research | Bow Saw |
| 20:16 | Research | Bow Saw |
| 20:16 | Research | Bow Saw |
| 20:16 | Queue | Villager (Male) |
| 20:24 | Build | Farm |
| 20:27 | Queue | Villager (Male) |
| 20:27 | Queue | Villager (Male) |
| 20:30 | Queue | Villager (Male) |
| 20:34 | Build | Farm |
| 20:37 | Build | House |
| 20:37 | Queue | Villager (Male) |
| 20:37 | Queue | Villager (Male) |
| 20:46 | Queue | Villager (Male) |
| 20:50 | Queue | Villager (Male) |
| 21:00 | Build | Farm |
| 21:00 | Queue | Villager (Male) |
| 21:00 | Queue | Villager (Male) |
| 21:04 | Build | Farm |
| 21:05 | Queue | Villager (Male) |
| 21:05 | Queue | Villager (Male) |
| 21:12 | Queue | Villager (Male) |
| 21:21 | Build | Farm |
| 21:23 | Build | Farm |
| 21:24 | Research | Gold Mining |
| 21:24 | Research | Gold Mining |
| 21:25 | Research | Gold Mining |
| 21:28 | Build | House |
| 21:29 | Build | House |
| 21:30 | Queue | Villager (Male) |
| 21:37 | Queue | Villager (Male) |
| 21:37 | Queue | Villager (Male) |
| 21:43 | Build | Farm |
| 21:44 | Build | Farm |
| 21:45 | Queue | Villager (Male) |
Build order — HellSong
First 150 of 193 actions detected
| 0:01 | Queue | Villager (Male) |
| 0:02 | Queue | Villager (Male) |
| 0:02 | Build | House |
| 0:04 | Build | House |
| 0:04 | Queue | Villager (Male) |
| 0:05 | Queue | Villager (Male) |
| 0:05 | Queue | Villager (Male) |
| 0:12 | Build | House |
| 1:07 | Build | House |
| 1:20 | Build | Lumber Camp |
| 1:29 | Queue | Villager (Male) |
| 2:06 | Queue | Villager (Male) |
| 2:31 | Queue | Villager (Male) ×2 |
| 2:31 | Queue | Villager (Male) ×2 |
| 3:06 | Queue | Villager (Male) |
| 3:06 | Queue | Villager (Male) |
| 3:39 | Queue | Villager (Male) |
| 4:12 | Queue | Villager (Male) |
| 4:12 | Queue | Villager (Male) |
| 4:13 | Queue | Villager (Male) |
| 4:13 | Queue | Villager (Male) |
| 5:27 | Queue | Villager (Male) |
| 5:27 | Queue | Villager (Male) |
| 6:03 | Queue | Villager (Male) |
| 6:04 | Queue | Villager (Male) |
| 6:04 | Queue | Villager (Male) |
| 6:16 | Build | Mill |
| 7:14 | Build | Mining Camp |
| 7:21 | Queue | Villager (Male) |
| 7:21 | Queue | Villager (Male) |
| 7:49 | Research | Feudal Age |
| 8:30 | Build | House |
| 8:31 | Build | House |
| 8:33 | Build | Barracks |
| 8:36 | Queue | Villager (Male) |
| 8:36 | Queue | Villager (Male) |
| 9:26 | Build | Barracks |
| 10:03 | Build | Barracks |
| 10:08 | Build | House |
| 10:12 | Build | Palisade Wall |
| 10:32 | Age | Feudal Age |
| 10:33 | Queue | Militia |
| 10:33 | Queue | Militia |
| 10:45 | Research | Man-at-Arms (upgrade) |
| 10:47 | Queue | Militia |
| 11:10 | Build | Blacksmith |
| 11:32 | Queue | Militia |
| 11:32 | Queue | Militia |
| 11:34 | Queue | Villager (Male) |
| 11:35 | Queue | Villager (Male) |
| 11:48 | Queue | Militia |
| 11:48 | Queue | Militia |
| 12:00 | Research | Horse Collar |
| 12:25 | Research | Scale Barding Armor |
| 12:51 | Queue | Villager (Male) |
| 13:02 | Queue | Militia |
| 13:02 | Queue | Militia |
| 13:24 | Queue | Villager (Male) |
| 13:28 | Build | Farm |
| 13:30 | Queue | Villager (Male) |
| 13:49 | Build | Farm |
| 13:49 | Build | Farm |
| 13:49 | Build | Farm |
| 13:49 | Build | Farm |
| 13:54 | Build | Farm |
| 14:04 | Build | Watch Tower |
| 14:15 | Build | Farm |
| 14:18 | Build | Farm |
| 14:22 | Build | Farm |
| 14:29 | Build | Lumber Camp |
| 14:35 | Research | Loom |
| 15:21 | Build | Farm |
| 15:24 | Build | Farm |
| 15:52 | Queue | Villager (Male) |
| 15:53 | Queue | Villager (Male) |
| 15:54 | Queue | Villager (Male) |
| 16:20 | Research | Arson |
| 16:21 | Queue | Villager (Male) |
| 16:37 | Build | Farm |
| 16:52 | Research | Double-Bit Axe |
| 17:07 | Build | Mill |
| 17:08 | Build | Farm |
| 17:10 | Queue | Militia |
| 17:24 | Queue | Militia |
| 17:32 | Build | Farm |
| 17:35 | Queue | Militia |
| 17:40 | Build | House |
| 17:41 | Build | House |
| 17:53 | Queue | Villager (Male) |
| 18:11 | Research | Forging |
| 18:24 | Build | Farm |
| 18:24 | Build | Farm |
| 18:25 | Build | Farm |
| 18:25 | Build | Farm |
| 18:35 | Queue | Militia |
| 18:37 | Queue | Militia |
| 18:43 | Build | Farm |
| 18:48 | Queue | Villager (Male) |
| 19:17 | Queue | Militia |
| 19:17 | Queue | Militia |
| 19:17 | Queue | Militia |
| 19:49 | Queue | Villager (Male) |
| 19:50 | Queue | Villager (Male) |
| 19:56 | Build | Farm |
| 20:23 | Queue | Villager (Male) |
| 20:44 | Build | Mill |
| 20:45 | Build | Farm |
| 20:45 | Build | Farm |
| 20:45 | Build | Farm |
| 20:46 | Build | Farm |
| 21:16 | Build | Stable |
| 21:24 | Build | House |
| 21:31 | Queue | Villager (Male) |
| 22:15 | Research | Castle Age |
| 22:35 | Research | Bloodlines |
| 23:45 | Build | Mining Camp |
| 24:19 | Build | Mining Camp |
| 24:26 | Research | Stone Mining |
| 24:28 | Research | Gold Mining |
| 24:55 | Age | Castle Age |
| 24:59 | Build | Town Center |
| 25:02 | Queue | Villager (Male) |
| 25:02 | Queue | Villager (Male) |
| 25:03 | Queue | Villager (Male) |
| 25:03 | Queue | Villager (Male) |
| 25:03 | Queue | Villager (Male) |
| 25:36 | Queue | Villager (Male) |
| 25:37 | Research | Bow Saw |
| 25:56 | Build | House |
| 25:57 | Build | House |
| 25:58 | Build | House |
| 25:59 | Build | House |
| 26:00 | Build | House |
| 26:35 | Research | Stone Shaft Mining |
| 26:37 | Queue | Villager (Male) |
| 26:37 | Queue | Villager (Male) |
| 26:38 | Queue | Villager (Male) |
| 27:17 | Queue | Villager (Male) |
| 27:17 | Queue | Villager (Male) |
| 27:18 | Queue | Villager (Male) |
| 27:18 | Queue | Villager (Male) |
| 27:19 | Queue | Villager (Male) |
| 27:19 | Queue | Villager (Male) |
| 28:11 | Build | Town Center |
| 28:24 | Queue | Spearman |
| 28:24 | Queue | Spearman |
| 28:32 | Queue | Spearman |
| 28:32 | Queue | Spearman |
| 29:00 | Build | Castle |
| 29:03 | Research | Fletching |
Build order — 哈偶纳尼
First 150 of 177 actions detected
| 0:02 | Queue | Villager (Male) |
| 0:02 | Queue | Villager (Male) |
| 0:02 | Queue | Villager (Male) |
| 0:03 | Build | House |
| 0:05 | Build | House |
| 0:12 | Queue | Villager (Male) |
| 0:12 | Queue | Villager (Male) |
| 1:25 | Queue | Villager (Male) |
| 1:26 | Queue | Villager (Male) |
| 1:52 | Build | Lumber Camp |
| 2:03 | Queue | Villager (Male) |
| 2:03 | Queue | Villager (Male) |
| 2:03 | Queue | Villager (Male) |
| 2:18 | Queue | Villager (Male) |
| 2:18 | Queue | Villager (Male) |
| 2:18 | Queue | Villager (Male) |
| 2:49 | Queue | Villager (Male) |
| 2:53 | Queue | Villager (Male) |
| 2:53 | Queue | Villager (Male) |
| 3:55 | Queue | Villager (Male) |
| 4:05 | Queue | Villager (Male) |
| 4:06 | Queue | Villager (Male) |
| 4:11 | Build | House |
| 4:35 | Queue | Villager (Male) |
| 4:35 | Queue | Villager (Male) |
| 4:55 | Build | Mining Camp |
| 5:16 | Queue | Villager (Male) |
| 5:16 | Queue | Villager (Male) |
| 5:17 | Queue | Villager (Male) |
| 5:43 | Research | Loom |
| 6:24 | Research | Feudal Age |
| 6:25 | Research | Feudal Age |
| 6:47 | Build | House |
| 8:12 | Queue | Villager (Male) |
| 8:12 | Queue | Villager (Male) |
| 8:34 | Age | Feudal Age |
| 8:43 | Build | Watch Tower |
| 8:59 | Build | Blacksmith |
| 9:03 | Queue | Villager (Male) |
| 9:03 | Queue | Villager (Male) |
| 9:07 | Queue | Villager (Male) |
| 9:40 | Queue | Villager (Male) |
| 9:40 | Queue | Villager (Male) |
| 9:48 | Build | House |
| 10:14 | Queue | Villager (Male) |
| 10:18 | Build | Mill |
| 10:59 | Build | Watch Tower |
| 11:47 | Queue | Villager (Male) |
| 12:07 | Build | Watch Tower |
| 12:37 | Queue | Villager (Male) |
| 12:38 | Queue | Villager (Male) |
| 12:42 | Research | Fletching |
| 12:42 | Research | Fletching |
| 13:24 | Queue | Villager (Male) |
| 13:31 | Queue | Villager (Male) |
| 13:31 | Queue | Villager (Male) |
| 13:51 | Queue | Villager (Male) |
| 13:56 | Build | House |
| 14:44 | Queue | Villager (Male) |
| 14:44 | Queue | Villager (Male) |
| 15:04 | Queue | Villager (Male) |
| 15:09 | Research | Double-Bit Axe |
| 15:09 | Research | Double-Bit Axe |
| 15:29 | Build | Watch Tower |
| 15:47 | Queue | Villager (Male) |
| 15:56 | Build | Farm |
| 15:56 | Build | Farm |
| 15:59 | Build | Farm |
| 16:00 | Build | Farm |
| 16:01 | Queue | Villager (Male) |
| 16:43 | Queue | Villager (Male) |
| 16:45 | Build | Farm |
| 16:46 | Build | Farm |
| 17:25 | Queue | Villager (Male) |
| 17:26 | Build | Farm |
| 17:27 | Build | Farm |
| 17:29 | Build | Farm |
| 17:30 | Build | Farm |
| 17:34 | Build | Farm |
| 17:56 | Queue | Villager (Male) |
| 17:58 | Build | Farm |
| 18:09 | Build | House |
| 18:50 | Build | Watch Tower |
| 19:04 | Queue | Villager (Male) |
| 19:04 | Queue | Villager (Male) |
| 19:53 | Queue | Villager (Male) |
| 20:20 | Queue | Villager (Male) |
| 20:25 | Research | Horse Collar |
| 20:27 | Queue | Villager (Male) |
| 20:38 | Build | Market |
| 20:40 | Queue | Villager (Male) |
| 20:59 | Build | Farm |
| 21:00 | Queue | Villager (Male) |
| 21:06 | Queue | Villager (Male) |
| 21:15 | Queue | Villager (Male) |
| 21:18 | Build | Farm |
| 21:19 | Queue | Villager (Male) |
| 21:37 | Build | Watch Tower |
| 21:45 | Queue | Villager (Male) |
| 21:48 | Build | House |
| 21:48 | Queue | Villager (Male) |
| 21:50 | Build | Farm |
| 22:12 | Queue | Villager (Male) |
| 22:14 | Build | Farm |
| 22:16 | Build | House |
| 22:18 | Build | Mining Camp |
| 22:26 | Queue | Villager (Male) |
| 22:42 | Build | Farm |
| 22:43 | Queue | Villager (Male) |
| 23:00 | Build | Farm |
| 23:01 | Queue | Villager (Male) |
| 23:20 | Queue | Villager (Male) |
| 23:26 | Build | House |
| 23:28 | Build | Farm |
| 23:29 | Queue | Villager (Male) |
| 23:39 | Research | Gold Mining |
| 23:56 | Queue | Villager (Male) |
| 23:58 | Queue | Villager (Male) |
| 24:02 | Build | Lumber Camp |
| 24:27 | Research | Castle Age |
| 24:27 | Research | Castle Age |
| 25:04 | Build | Barracks |
| 25:29 | Build | House |
| 25:30 | Build | House |
| 26:00 | Queue | Villager (Male) |
| 26:05 | Build | Stable |
| 26:48 | Build | House |
| 26:51 | Queue | Villager (Male) |
| 26:51 | Queue | Villager (Male) |
| 27:10 | Age | Castle Age |
| 27:13 | Queue | Villager (Male) |
| 27:15 | Queue | Knight |
| 27:15 | Queue | Knight |
| 27:17 | Queue | Knight |
| 27:18 | Queue | Knight |
| 27:26 | Build | Stable |
| 27:29 | Queue | Villager (Male) |
| 27:44 | Queue | Villager (Male) |
| 27:53 | Build | House |
| 27:54 | Build | House |
| 28:27 | Queue | Villager (Male) |
| 28:29 | Build | Farm |
| 28:33 | Build | Farm |
| 29:00 | Build | Castle |
| 29:07 | Queue | Villager (Male) |
| 29:12 | Build | Farm |
| 29:16 | Queue | Villager (Male) |
| 29:50 | Build | House |
| 29:59 | Queue | Villager (Male) |
| 30:18 | Queue | Villager (Male) |
Match timeline
| 8:33 | HellSong · first_building Barracks |
| 8:34 | 哈偶纳尼 · age_up feudal |
| 10:12 | HellSong · wall_segment Palisade Wall x1 |
| 10:14 | hurlmore · first_building Barracks |
| 10:32 | HellSong · age_up feudal |
| 10:55 | XY · age_up feudal |
| 11:00 | RMXs | Arobledoz · age_up feudal |
| 11:25 | hurlmore · age_up feudal |
| 11:26 | Maximus1743 · age_up feudal |
| 11:35 | hurlmore · first_building Stable |
| 11:40 | TheRazorsEdge · age_up feudal |
| 12:24 | LavarBall · age_up feudal |
| 12:37 | RMXs | Arobledoz · first_market_buy 100 food |
| 13:14 | RMXs | Arobledoz · first_market_sell 100 wood |
| 13:32 | TheRazorsEdge · first_building Barracks |
| 13:59 | RMXs | Arobledoz · first_building Barracks |
| 15:12 | XY · age_up castle |
| 15:13 | TheRazorsEdge · age_up castle |
| 15:17 | Maximus1743 · age_up castle |
| 15:46 | RMXs | Arobledoz · first_building Archery Range |
| 15:49 | TheRazorsEdge · first_building Siege Workshop |
| 16:10 | RMXs | Arobledoz · age_up castle |
| 16:36 | LavarBall · first_building Barracks |
| 17:08 | RMXs | Arobledoz · first_building Monastery |
| 19:03 | LavarBall · age_up castle |
| 19:23 | RMXs | Arobledoz · first_building Siege Workshop |
| 19:28 | LavarBall · first_building Monastery |
| 20:14 | XY · first_market_buy 100 food |
| 20:55 | LavarBall · first_building Castle |
| 21:16 | HellSong · first_building Stable |
| 22:17 | Maximus1743 · first_building Barracks |
| 22:21 | hurlmore · tribute_sent a jugador 1 |
| 22:21 | hurlmore · tribute_sent a jugador 2 |
| 22:21 | hurlmore · tribute_sent a jugador 4 |
| 22:21 | hurlmore · tribute_sent a jugador 5 |
| 22:21 | hurlmore · tribute_sent a jugador 6 |
| 22:21 | hurlmore · tribute_sent a jugador 7 |
| 22:21 | hurlmore · tribute_sent a jugador 8 |
| 22:32 | Maximus1743 · first_building Castle |
| 22:49 | XY · first_building Castle |
| 23:30 | Maximus1743 · first_building Stable |
| 23:37 | XY · first_building Barracks |
| 23:42 | hurlmore · age_up castle |
| 24:17 | 哈偶纳尼 · first_market_sell 100 wood |
| 24:40 | XY · first_building Siege Workshop |
| 24:55 | HellSong · age_up castle |
| 25:04 | 哈偶纳尼 · first_building Barracks |
| 25:35 | RMXs | Arobledoz · wall_segment Palisade Wall x1 |
| 26:05 | 哈偶纳尼 · first_building Stable |
| 26:13 | Maximus1743 · first_market_sell 100 food |
| 27:10 | 哈偶纳尼 · age_up castle |
| 27:21 | Maximus1743 · age_up imperial |
| 27:27 | RMXs | Arobledoz · first_building Castle |
| 28:54 | XY · age_up imperial |
| 29:00 | 哈偶纳尼 · first_building Castle |
| 29:00 | HellSong · first_building Castle |
| 29:36 | LavarBall · first_building Stable |
| 29:40 | HellSong · first_building Siege Workshop |
| 30:31 | hurlmore · first_market_sell 100 food |
| 30:33 | XY · first_market_sell 100 wood |
| 31:27 | HellSong · first_building Archery Range |
| 31:35 | hurlmore · first_building Monastery |
| 31:52 | LavarBall · age_up imperial |
| 31:56 | RMXs | Arobledoz · age_up imperial |
| 33:32 | LavarBall · resign |
| 34:37 | hurlmore · first_building Castle |
| 35:32 | 哈偶纳尼 · age_up imperial |
[ AI ANALYSIS · 1 CREDIT ]
What really happened in this match?
Wolo.gg analyzes every decision: build order, eco, micro, common mistakes by bracket. Personalized analysis on WhatsApp or Discord in 30 seconds.
Civ guide
Jurchens
Perfil
RMXs | Arobledoz